 Dungeon Crawl Stone Soup version 0.20.1-1-g8b1a95d (console) character file.

20 bli the Grave Robber (level 2, -1/23 HPs)
             Began as a Draconian Wanderer on July 30, 2017.
             Slain by a hobgoblin
             ... wielding a +0 club
              (5 damage)
             ... on level 2 of the Dungeon.
             The game lasted 00:06:45 (409 turns).

bli the Grave Robber (Draconian Wanderer)            Turns: 409, Time: 00:06:46

Health: -1/23      AC:  4    Str: 13    XL:     2   Next: 58%
Magic:  1/4        EV: 11    Int: 15    God:
Gold:   22         SH:  0    Dex:  8    Spells: 1/4 levels left

rFire    . . .     SeeInvis .   d - +0 club
rCold    . . .     Gourm    .   (no shield)
rNeg     . . .     Faith    .   (armour unavailable)
rPois    .         Spirit   .   (helmet restricted)
rElec    .         Reflect  .   (no cloak)
rCorr    .         Harm     .   (no gloves)
MR       .....                  (no boots)
Stlth    +.........             (no amulet)
Regen    0.1/turn               (no ring)
MPRegen  0.1/turn               (no ring)

@: lethally poisoned (-1 -> -7), very slightly contaminated, hasted, very quick
A: unfitting armour, cold-blooded, AC +4
a: no special abilities


You were on level 2 of the Dungeon.
You were not hungry.

You visited 1 branch of the dungeon, and saw 2 of its levels.

You collected 22 gold pieces.

Inventory:

Hand Weapons
 d - a +0 club (weapon)
Scrolls
 e - a scroll of fog {unknown}
Books
 a - a book of Flames

   Spells                             Type                      Level
   a - Flame Tongue                   Conjuration/Fire             1
   b - Throw Flame                    Conjuration/Fire             2
   c - Conjure Flame                  Conjuration/Fire             3
   d - Inner Flame                    Hexes/Fire                   3
   e - Sticky Flame                   Conjuration/Fire             4
   f - Fireball                       Conjuration/Fire             5
 b - the Reference Book on Ice

   Spells                             Type                      Level
   a - Freeze                         Ice                          1
   b - Ozocubu's Armour               Charms/Ice                   3
 c - the Guide on Unholy Secrets

   Spells                             Type                      Level
   a - Corpse Rot                     Necromancy                   2
   b - Sublimation of Blood           Necromancy                   2
Comestibles
 f - 2 bread rations
 h - a meat ration
 i - 2 chunks of flesh


   Skills:
 * Level 1.3 Fighting
 * Level 0.3 Dodging
 - Level 1.0 Stealth
   Level 1.0 Shields
 + Level 1.6 Spellcasting
 * Level 0.6 Conjurations
 - Level 5.0 Necromancy
 - Level 2.0 Fire Magic


You had one spell level left.
You knew the following spells:

 Your Spells              Type           Power        Failure   Level  Hunger
a - Flame Tongue          Conj/Fire      #....        14%         1    ##.....
R - Corpse Rot            Necr           N/A          4%          2    ###....


Dungeon Overview and Level Annotations

Branches:
Dungeon (2/15)

Altars:


Innate Abilities, Weirdness & Mutations

Your plain brown scales are hard. (AC +4)
You cannot fit into any form of body armour.
You are cold-blooded and may be slowed by cold attacks.


Message History

You hit the adder but do no damage.
The adder is heavily wounded.
You feel sick. The adder misses you.
* * * LOW HITPOINT WARNING * * *
You feel sick.
You barely miss the adder.
Your tail-slap misses the adder.
The adder is heavily wounded.
The adder closely misses you.
You closely miss the adder.
The adder is heavily wounded.
* * * LOW HITPOINT WARNING * * *
You feel sick. The adder barely misses you.
You hit the adder.
Your tail-slap misses the adder.
The adder is severely wounded.
The adder bites you but does no damage.
You barely miss the adder.
The adder is severely wounded.
* * * LOW HITPOINT WARNING * * *
You feel sick. The adder barely misses you. The hobgoblin hits you with a club.
You die...

# #. #.####
##.##...g##
#......@S.#
#.#######.###
#.#.....#.#.#
#.##.#.##..# ########
#.#.....#..#
#..รท...#
#.###.###..###.######
#.........#...##
##............#
#>...#######.# #.#.##
#.# ##.#.#### #S#


You could see an adder and a hobgoblin.

Vanquished Creatures
  An adder (D:2)
  A giant cockroach (D:2)
  3 goblins (D:2)
  3 hobgoblins (D:2)
  A bat (D:2)
  A frilled lizard (D:2)
10 creatures vanquished.

Notes
Turn   | Place    | Note
-------+----------+-------------------------------------------
     0 | D:1      | bli the Draconian Wanderer began the quest for the Orb.
     0 | D:1      | bli set off with: a book of Flames, the Reference Book on Ice, the Guide on Unholy Secrets, a +0 club, a bread ration
     0 | D:1      | Reached XP level 1. HP: 14/14 MP: 2/2
     0 | D:1      | Identified the Reference Book on Ice
     0 | D:1      | Identified the Guide on Unholy Secrets
     2 | D:1      | Learned a level 1 spell: Flame Tongue
   212 | D:2      | Reached skill level 1 in Fighting
   235 | D:2      | Reached XP level 2. HP: 13/23 MP: 0/4
   240 | D:2      | Learned a level 2 spell: Corpse Rot
   409 | D:2      | Slain by a hobgoblin

Skill      XL: |  1 |
---------------+----+-----
Fighting       | 1 |  1.3
Dodging        | |  0.3
Stealth        | |  1.0
Shields        | |  1.0
Spellcasting   | |  1.6
Conjurations   | |  0.6
Necromancy     | |  5.0
Fire Magic     | |  2.0

Action                   || total
-------------------------++-------
Melee: Club              ||    22
       Tailslap          ||     1
 Cast: Flame Tongue      ||    16
       Corpse Rot        ||     1
  Use: Potion            ||     1
 Stab: Sleeping          ||     1
Armor: Skin              ||    10
Dodge: Dodged            ||    17
